 Dungeon Crawl Stone Soup version 0.28-a0-1213-g0243856f03 (webtiles) character file.

Game seed: 13080555241688177276

280 demibob the Ruffian (level 6, -9/41 HPs)
             Began as a Demonspawn Wanderer on Dec 22, 2021.
             Mangled by Menkaure (20 damage)
             ... on level 4 of the Dungeon.
             The game lasted 00:07:29 (5092 turns).

demibob the Ruffian (Demonspawn Wanderer)           Turns: 5092, Time: 00:07:30

Health: -9/41      AC: 10    Str: 14    XL:     6   Next: 5%
Magic:  7/7        EV: 11    Int: 14    God:
Gold:   106        SH:  0    Dex: 12    Spells: 6/7 levels left

rFire   . . .      SeeInvis .   a - +3 dagger (elec)
rCold   . . .      Faith    .   (no shield)
rNeg    . . .      Spirit   .   n - +0 leather armour
rPois   .          Reflect  .   (helmet restricted)
rElec   .          Harm     .   f - +2 cloak
rCorr   .          Rampage  .   (no gloves)
Will    .....                   (no boots)
Stlth   +.........              (no amulet)
HPRegen 0.13/turn               T - +4 ring of protection
MPRegen 0.10/turn               (no ring)

@: studying Earth Magic
A: antennae 2, hooves 1, powered by pain 1, spiny 1
a: no special abilities


You were on level 4 of the Dungeon.
You visited 1 branch of the dungeon, and saw 4 of its levels.
You also visited: Sewer.

You collected 106 gold pieces.


Innate Abilities, Weirdness & Mutations

You have a pair of antennae on your head.
You have large cloven feet.
You sometimes gain a little power by taking damage.
You are partially covered in sharp spines.


   Skills:
 - Level 1.4 Short Blades
 - Level 4.5 Throwing
 - Level 1.7 Dodging
 + Level 5.1 Unarmed Combat
 - Level 1.0 Spellcasting
 - Level 1.0 Transmutations
 - Level 1.0 Evocations


You had 6 spell levels left.
You knew the following spells:

 Your Spells              Type           Power      Damage    Failure   Level
b - Beastly Appendage     Tmut           6%         N/A       22%         1

Your spell library contained the following spells:

 Spells                   Type           Power      Damage    Failure   Level
 Magic Dart               Conj           0%         1d3       32%         1
 Call Imp                 Summ           0%         N/A       45%         2
 Ignite Poison            Fire/Tmut/Pois 1%         N/A       65%         3
 Mephitic Cloud           Conj/Pois/Air  0%         N/A       69%         3

Inventory:

Hand Weapons
 a - a +3 dagger of electrocution (weapon)
Missiles
 b - 2 curare-tipped darts (quivered) {=f}
 e - 35 poisoned darts
Armour
 f - a +2 cloak (worn)
 n - a +0 leather armour (worn)
Magical Staves
 g - a staff of cold {!a}
 l - a staff of air {!a}
Jewellery
 F - a ring of fire
 T - a +4 ring of protection (left hand)
Scrolls
 d - a scroll of identify {unknown}
 o - 2 scrolls of brand weapon
 p - a scroll of fog
 q - a scroll of teleportation {@r2}
 r - 2 scrolls of fear
Potions
 c - 4 potions of haste {unknown}
 h - 2 potions of mutation {unknown}
 i - a potion of heal wounds {unknown}
 j - a potion of berserk rage {!q}
 k - 2 potions of might {unknown}
 m - 2 potions of attraction {unknown}

Dungeon Overview and Level Annotations

Branches:
Dungeon (4/15)              Sewer (visited)
 Temple: D:4-7

Altars:

Shops:
D:2 [

Annotations:
D:4 Menkaure

#.###
##..................
....#
#......#.######.##..
###.## #.####.#.#
##...#######.# #.#.#
#............#
##.#.####
##...#########
#.......# ##.##
#.#####.# ### #.# #
#@# #######M#
.......o#####.##
#######o..)..M.#
#####.###.# ... ####


You could see Menkaure (fast), an orc priest and an orc.


Message History

The orc barely misses you.
Menkaure mumbles some strange words.
Menkaure seems to speed up.
The orc hits you but does no damage.
You hit the orc but do no damage.
The orc is severely wounded.
The orc is struck by your spines. The orc hits you with a +0 mace.
You hit the orc.
You kill the orc!
You hit the orc. Your kick misses the orc.
The orc is moderately wounded.
The orc is struck by your spines. The orc barely misses you.
You hit the orc.
You kill the orc!
You hit Menkaure but do no damage. You kick Menkaure, but do no damage.
Menkaure is struck by your spines. Menkaure hits you.
You hit Menkaure. Your kick misses Menkaure.
Menkaure is moderately damaged.
Menkaure is struck by your spines. Menkaure hits you!
An orc priest comes into view. It is wielding a +0 hand axe.
The orc priest shouts!
You barely miss Menkaure.
Menkaure is heavily damaged.
Menkaure hits you!
* * * LOW HITPOINT WARNING * * *
You are too injured to fight recklessly!
You hit Menkaure. You kick Menkaure.
Menkaure is almost destroyed.
Menkaure hits you!!
You die...

Skill      XL: |  1  2  3  4  5 |
---------------+----------------+-----
Short Blades   | 1 |  1.4
Unarmed Combat | 1 3 5 |  5.1
Throwing       | |  4.5
Dodging        | |  1.7
Spellcasting   | |  1.0
Transmutations | |  1.0
Evocations     | |  1.0

Action                   |  1- 3 |  4- 6 || total
-------------------------+-------+-------++-------
Melee: Dagger            |    43 |   119 ||   162
       Unarmed           |   111 |       ||   111
       Kick              |       |    22 ||    22
Throw: Dart              |     3 |       ||     3
  Use: Potion            |     2 |     1 ||     3
       Scroll            |     2 |     5 ||     7
 Stab: Sleeping          |       |     1 ||     1
Armor: Robe              |    40 |    10 ||    50
       Leather armour    |       |    27 ||    27
Dodge: Dodged            |    99 |    39 ||   138

Levels and vault maps discovered:
D:1:      grunt_arrival_crossed_arrows, layout_loops_cross, lemuel_flame_loot_1
D:2:      layout_loops_ring, serial_shops, shop, minmay_misc_feat_rugged,
          kennysheep_pointless_box, kennysheep_boxes, uniq_crazy_yiuf_cottage,
          uniq_natasha
D:3:      layout_basic, portal_sewer_entry_e
D:4:      layout_loops_ring, minmay_temple_entry_mist,
          kennysheep_generic_room_10, uniq_menkaure, uniq_blork_the_orc

Notes
Turn   | Place    | Note
-------+----------+-------------------------------------------
     0 | D:1      | demibob the Demonspawn Wanderer began the quest for the
                  | Orb.
     0 | D:1      | demibob set off with the following items: a +2 dagger, 2
                  | curare-tipped darts {=f}, a +0 helmet, a +0 robe; and the
                  | following spell memorised: Beastly Appendage; and the
                  | following spells available to memorise: Ignite Poison
     0 | D:1      | Reached XP level 1. HP: 13/13 MP: 2/2
    30 | D:1      | Reached skill level 1 in Short Blades
   223 | D:1      | You feel monstrous as your demonic heritage exerts itself.
   223 | D:1      | Discovered your monstrous ancestry.
   223 | D:1      | Gained mutation: You have a pair of small antennae on your
                  | head. [demonic ancestry]
   223 | D:1      | Reached XP level 2. HP: 4/19 MP: 3/3
   771 | D:1      | Identified a potion of resistance
  1095 | D:1      | Reached skill level 1 in Unarmed Combat
  2194 | D:1      | Gained mutation: You are partially covered in sharp spines.
                  | [demonic ancestry]
  2194 | D:1      | Reached XP level 3. HP: 23/24 MP: 4/4
  2462 | D:2      | Found a runed translucent door.
  2463 | D:2      | Noticed Crazy Yiuf
  2499 | D:2      | Found Ametuf's Armour Boutique.
  2580 | D:2      | Noticed Natasha
  2585 | D:2      | Killed Natasha
  2586 | D:2      | Reached skill level 2 in Unarmed Combat
  2711 | D:2      | Noticed Natasha
  2719 | D:2      | Killed Natasha
  2720 | D:2      | Reached skill level 3 in Unarmed Combat
  2720 | D:2      | Gained mutation: You have large cloven feet. [demonic
                  | ancestry]
  2720 | D:2      | Reached XP level 4. HP: 30/30 MP: 5/5
  2736 | D:2      | Noticed Natasha
  2746 | D:2      | Killed Natasha
  2911 | D:2      | Gained mutation: You have a pair of antennae on your head.
                  | [demonic ancestry]
  2911 | D:2      | Reached XP level 5. HP: 34/35 MP: 6/6
  3151 | D:2      | Killed Crazy Yiuf
  3152 | D:2      | Reached skill level 4 in Unarmed Combat
  3917 | D:3      | Found a glowing drain.
  3922 | Sewer    | Entered a sewer
  5020 | D:4      | Reached skill level 5 in Unarmed Combat
  5020 | D:4      | Gained mutation: You sometimes gain a little power by
                  | taking damage. [demonic ancestry]
  5020 | D:4      | Reached XP level 6. HP: 37/41 MP: 7/7
  5078 | D:4      | Noticed Menkaure
  5092 | D:4      | Mangled by Menkaure

Vanquished Creatures
  A jelly (D:4)
  Crazy Yiuf (D:2)
  Natasha (thrice) (D:2)
  3 adders
  An adder skeleton (D:4)
  2 dart slugs
  11 orcs
  13 ball pythons
  6 bats
  7 endoplasms
  5 giant cockroaches
  4 goblins
  7 hobgoblins
  8 jackals
  17 kobolds
  2 quokkas
  3 frilled lizards
  3 rats
97 creatures vanquished.

Vanquished Creatures (others)
  2 jackals (D:1)
  11 plants (Sewer)
13 creatures vanquished.

Grand Total: 110 creatures vanquished

Table legend: (Time is in decaauts)
 A = Elapsed time spent in this place.
 B = Non-inter-level travel time spent in this place.
 C = Inter-level travel time spent in this place.
 D = Time resting spent in this place.
 E = Time spent auto-exploring this place.
 F = Levels seen in this place.
 G = Mean time per level.
                   A        B        C        D        E       F      G
               +--------+--------+--------+--------+--------+-----+--------+
         Total |   5261 |   4964 |    297 |    610 |   3594 |   5 | 1052.2 |
       Dungeon |   4453 |   4156 |    297 |    608 |   2923 |   4 | 1113.2 |
         Sewer |    808 |    808 |      0 |      2 |    671 |   1 |  808.0 |
               +--------+--------+--------+--------+--------+-----+--------+

Top non-repeatable levels by time:
     D:1: 2537 daAuts
     D:2: 933 daAuts
   Sewer: 808 daAuts
     D:3: 800 daAuts
     D:4: 183 daAuts

Table legend:
 A = Non-vault XP
 B = Vault XP
 C = Vault XP percentage of total XP
 D = Non-vault monster count
 E = Vault monster count
 F = Vault count percentage of total count
                 A         B        C        D         E       F
            +---------+---------+-------+---------+---------+-------
      Total |     293 |     107 |  26.8 |      76 |      21 |  21.6
            +---------+---------+-------+---------+---------+-------
        D:1 |      43 |       0 |   0.0 |      23 |       0 |   0.0
        D:2 |     120 |      76 |  38.8 |      19 |       2 |   9.5
        D:3 |      58 |       0 |   0.0 |      22 |       0 |   0.0
        D:4 |      72 |       0 |   0.0 |      12 |       0 |   0.0
      Sewer |       0 |      31 | 100.0 |       0 |      19 | 100.0
            +---------+---------+-------+---------+---------+-------
